 Dungeon Crawl Stone Soup version 0.24-a0-415-g6d73c25c48 (webtiles) character file.

Game seed: 4571554718124749606

2009 Defined the Fighter (level 9, -16/84 HPs)
             Began as a Hill Orc Monk on June 7, 2019.
             Was an Elder of Beogh.
             Demolished by a hell rat (20 damage)
             ... summoned by a deep elf mage
             ... in a bailey on June 8, 2019.
             The game lasted 00:26:02 (7636 turns).

Defined the Fighter (Hill Orc Monk)                 Turns: 7636, Time: 00:26:02

Health: -16/84     AC: -4    Str: 21      XL:     9   Next: 22%
Magic:  0/13       EV: 13    Int: 10      God:    Beogh [****..]
Gold:   457        SH:  5    Dex: 18 (19) Spells: 8/8 levels left

rFire    . . .     SeeInvis .   v - +0 broad axe
rCold    . . .     Gourm    .   s - +0 buckler
rNeg     . . .     Faith    .   r - +5 ring mail of the Carpenter {Str+4 Dex+6}
rPois    .         Spirit   +   f - +0 helmet
rElec    .         Reflect  .   d - scarf {Spirit}
rCorr    .         Harm     .   (no gloves)
MR       +....                  x - +0 pair of boots
Stlth    +.........             (no amulet)
HPRegen  0.24/turn              m - ring of protection from magic
MPRegen  0.13/turn              (no ring)

@: lethally poisoned (-16 -> -80), corroded, lightly drained
A: no striking features
a: Smiting, Recall Orcish Followers, Renounce Religion


You were in a bailey.
You worshipped Beogh.
Beogh was greatly pleased with you.
You were not hungry.

You visited 1 branch of the dungeon, and saw 7 of its levels.
You also visited: Sewer and Bailey.

You collected 457 gold pieces.

Inventory:

Hand Weapons
 t - a +0 war axe of freezing
 v - a +0 broad axe (weapon)
Missiles
 q - 29 poisoned darts (quivered)
Armour
 d - a scarf of spirit shield (worn)
 f - a +0 helmet (worn)
 l - a +0 cloak
 r - the +5 ring mail of the Carpenter (worn) {Str+4 Dex+6}
   (You found it on level 4 of the Dungeon)

   It affects your strength (+4).
   It affects your dexterity (+6).
 s - a +0 buckler (worn)
 x - a +0 pair of boots (worn)
Jewellery
 m - a ring of protection from magic (left hand)
Wands
 b - a wand of acid (5)
 e - a wand of flame (14)
Scrolls
 g - 5 scrolls of teleportation
 h - 2 scrolls of fog
 i - a scroll of fear
 n - 3 scrolls of remove curse
 o - a scroll of enchant weapon
 y - a scroll of enchant armour
Potions
 a - a potion of might
 j - 3 potions of curing
 k - 3 potions of flight
 z - a potion of magic
Comestibles
 c - 11 rations
 p - 2 chunks of flesh


   Skills:
 * Level 9.4(9.0) Fighting
 + Level 7.8(7.4) Axes
 + Level 4.9(4.5) Dodging
 - Level 1.5(1.2) Stealth
 + Level 3.0(2.7) Shields
 * Level 6.3(5.9) Invocations


You had 8 spell levels left.
You didn't know any spells.
Your spell library was empty.

Dungeon Overview and Level Annotations

Branches:
Dungeon (7/15)             Temple (0/1) D:4

Altars:
Ashenzari
Fedhas
Makhleb
Sif Muna
Yredelemnul

Annotations:
D:4 2 transporters, p0werm0de's ghost, amateur DsWn


Message History

Okay, then.
You feel much better.
You feel very sick. The rust devil hits you! The rust devil corrodes you!
The redback closely misses you. The smoke demon hits you. x2
* * * LOW HITPOINT WARNING * * *
The smoke demon hits you.
* * * LOW HITPOINT WARNING * * *
You block the hell rat's attack. You block the deep elf mage's attack.
As you read the scroll of fear, it crumbles to dust.
You assume a fearsome visage.
The deep elf mage looks frightened!
The rust devil is unaffected.
The hell rat is unaffected.
The redback looks frightened!
The hell rat is unaffected.
The smoke demon is unaffected.
* * * LOW HITPOINT WARNING * * *
You feel very sick. The rust devil hits you!
* * * LOW HITPOINT WARNING * * *
The rust devil corrodes you! The hell rat bites you!!
You die...

+#####
#....##
#...s.#
#3er..#
#.@4..#
##r..##
####'##..#
##...##
..#
#.....# .#
#..∩..# #
##...##
#####


You could see a rust devil, a deep elf mage (fleeing), a smoke demon, a redback
(fleeing) and 2 hell rats.

Vanquished Creatures
  A hippogriff (D:4)
  A water moccasin (D:6)
  3 ice beasts (D:5)
  A phantom (D:3)
  2 sky beasts
  A centaur (D:6)
  2 bullfrogs (D:6)
  A scorpion (D:5)
  A crimson imp (D:5)
  A bullfrog zombie (D:5)
  A quasit (D:6)
  4 hounds
  Crazy Yiuf (D:3)
  4 jellies
  2 orc wizards
  An orc priest (D:4)
  Natasha (twice) (D:3)
  3 worker ants (D:4)
  Robin (D:3)
  6 adders
  7 river rats (D:6)
  5 oozes
  7 worms
  5 dart slugs
  9 leopard geckos
  14 orcs
  3 giant cockroaches
  14 goblins
  12 hobgoblins
  9 jackals
  8 quokkas
  4 ball pythons
  A ball python skeleton (D:4)
  18 bats
  7 frilled lizards
  8 kobolds
  21 rats
191 creatures vanquished.

Vanquished Creatures (others)
  A hobgoblin (D:3)
1 creature vanquished.

Grand Total: 192 creatures vanquished

Notes
Turn   | Place    | Note
-------+----------+-------------------------------------------
     0 | D:1      | Defined the Hill Orc Monk began the quest for the Orb.
     0 | D:1      | Reached XP level 1. HP: 19/19 MP: 1/1
    41 | D:1      | Reached XP level 2. HP: 18/27 MP: 2/2
    42 | D:1      | Reached skill level 4 in Fighting
   615 | D:1      | Reached XP level 3. HP: 32/34 MP: 3/3
  1234 | D:2      | Found a burning altar of Makhleb.
  1682 | D:2      | Reached XP level 4. HP: 14/41 MP: 4/4
  1688 | D:2      | Reached skill level 5 in Fighting
  2545 | D:3      | Reached skill level 5 in Axes
  2567 | D:3      | Noticed Robin
  2584 | D:3      | Reached XP level 5. HP: 48/48 MP: 5/5
  2605 | D:3      | Killed Robin
  2656 | D:3      | Noticed a phantom
  2669 | D:3      | Found a glowing drain.
  2700 | Sewer    | Entered a sewer
  3572 | D:3      | Killed a phantom
  3572 | D:3      | Reached skill level 6 in Fighting
  3572 | D:3      | Reached XP level 6. HP: 24/58 MP: 6/6
  3869 | D:3      | Found a runed translucent door.
  3870 | D:3      | Noticed Crazy Yiuf
  3953 | D:3      | Found a deep blue altar of Sif Muna.
  3986 | D:3      | Became a worshipper of Beogh the Brigand
  3986 | D:3      | Reached * piety under Beogh
  3986 | D:3      | Reached ** piety under Beogh
  4192 | D:3      | Noticed Natasha
  4224 | D:3      | Killed Natasha
  4344 | D:3      | Noticed Natasha
  4351 | D:3      | Killed Natasha
  4522 | D:3      | Killed Crazy Yiuf
  4708 | D:4      | Got a spiked ring mail
  4719 | D:4      | Identified the +5 ring mail of the Carpenter {Str+4 Dex+6}
                  | (You found it on level 4 of the Dungeon)
  4733 | D:4      | Found a staircase to the Ecumenical Temple.
  4757 | D:4      | Reached skill level 7 in Fighting
  4858 | D:4      | Reached XP level 7. HP: 64/66 MP: 7/7
  4940 | D:4      | Found a transporter.
  4945 | D:4      | Found a transporter.
  4945 | D:4      | Noticed p0werm0de's ghost (amateur DsWn)
  5219 | D:4      | Noticed a hippogriff
  5236 | D:4      | Killed a hippogriff
  5544 | D:5      | Entered Level 5 of the Dungeon
  5566 | D:5      | Found a shattered altar of Ashenzari.
  5614 | D:5      | Reached skill level 8 in Fighting
  5614 | D:5      | Reached XP level 8. HP: 71/74 MP: 8/10
  5908 | D:5      | Reached skill level 1 in Shields
  6222 | D:5      | Found a blossoming altar of Fedhas.
  6541 | D:6      | Reached *** piety under Beogh
  6541 | D:6      | Reached skill level 5 in Invocations
  6570 | D:6      | Found a burning altar of Makhleb.
  6573 | D:6      | Noticed a cacodemon
  6644 | D:6      | Reached skill level 9 in Fighting
  6647 | D:6      | Found a basalt altar of Yredelemnul.
  6718 | D:6      | Reached XP level 9. HP: 82/83 MP: 13/13
  7531 | D:7      | Found a flagged portal.
  7537 | D:7      | Reached **** piety under Beogh
  7549 | Bailey   | Entered a bailey
  7622 | Bailey   | Noticed a deep elf mage
  7623 | Bailey   | Noticed a rust devil
  7633 | Bailey   | Noticed a smoke demon
  7636 | Bailey   | HP: 4/84 [rust devil[a deep elf mage] (12)]
  7636 | Bailey   | Demolished by a hell rat

Levels and vault maps discovered:
D:1:      lemuel_arrival_lava_pool, layout_loops_ring,
          wander_ebering_terrifying_dragon_lair
D:2:      layout_loops_ring, lemuel_statue_altar
D:3:      layout_loops_ring, led_sif_pool, cheibrodos_sewer_entry_bend,
          hangedman_decor_points, minivault_11, chequers_serial_rivers_small_b,
          uniq_robin, uniq_crazy_yiuf_cottage, uniq_natasha
D:4:      layout_basic, minmay_temple_entry_junction_2,
          gammafunk_ghost_mausoleum
D:5:      layout_rooms, marbit_many_paths, first_ration,
          minmay_misc_feat_enclosed, ashenzari_altar_1
D:6:      lemuel_ratsnest, layout_basic, overflow_temple_1_default,
          makhleb_altar_promises_db
D:7:      layout_basic, overflow_temple_1_default,
          gammafunk_temple_overflow_forgotten, enter_bailey_3, serial_shops,
          nicolae_shop_window_shopping
Bailey:   bailey_polearm_3, bailey

Skill      XL: |  1  2  3  4  5  6  7  8  9 |
---------------+----------------------------+-----
Fighting       | 4 5 6 7 8 9 |  9.4
Dodging        | 3 4 |  4.9
Axes           | 5 6 7 |  7.8
Invocations    | 3 5 6 |  6.3
Shields        | 2 3 |  3.0
Stealth        | |  1.5

Action                   |  1- 3 |  4- 6 |  7- 9 || total
-------------------------+-------+-------+-------++-------
Melee: Hand axe          |   161 |   350 |   117 ||   628
       War axe           |       |       |   169 ||   169
       Broad axe         |       |       |    11 ||    11
Invok: Convert to Beogh  |       |     1 |       ||     1
  Use: Scroll            |       |     9 |     6 ||    15
       Potion            |       |     9 |     1 ||    10
 Stab: Sleeping          |     1 |       |     2 ||     3
  Eat: Chunk             |     3 |     7 |     6 ||    16
       Ration            |       |     1 |     1 ||     2
Armor: Robe              |    18 |       |       ||    18
       Plate armour      |   120 |   351 |       ||   471
       Skin              |       |    30 |       ||    30
       Ring mail         |       |     5 |   109 ||   114
Dodge: Dodged            |    64 |   130 |   217 ||   411
Block: Buckler           |       |       |    52 ||    52

Table legend:
 A = Non-vault XP
 B = Vault XP
 C = Vault XP percentage of total XP
 D = Non-vault monster count
 E = Vault monster count
 F = Vault count percentage of total count
                 A         B        C        D         E       F
            +---------+---------+-------+---------+---------+-------
      Total |    2508 |     363 |  12.6 |     115 |      76 |  39.8
            +---------+---------+-------+---------+---------+-------
        D:1 |      43 |       1 |   2.3 |      23 |       1 |   4.2
        D:2 |      94 |       0 |   0.0 |      23 |       0 |   0.0
        D:3 |     208 |     120 |  36.6 |      19 |      16 |  45.7
        D:4 |     481 |       0 |   0.0 |      16 |       0 |   0.0
        D:5 |     869 |      48 |   5.2 |      20 |       1 |   4.8
        D:6 |     813 |     123 |  13.1 |      14 |      32 |  69.6
        D:7 |       0 |       8 | 100.0 |       0 |       4 | 100.0
      Sewer |       0 |      63 | 100.0 |       0 |      22 | 100.0
            +---------+---------+-------+---------+---------+-------
